 Dungeon Crawl Stone Soup version 0.31-a0-986-g5e6e4ef867 (webtiles) character file.

Game seed: 14563306787267258509

112 runemasterragnar the Firebug (level 4, -3/42 HPs)
             Began as an Ogre Fire Elementalist on Nov 15, 2023.
             Slain by a gnoll
             ... wielding a +2 whip of freezing
              (7 damage)
             ... on level 4 of the Dungeon.
             The game lasted 00:04:37 (3019 turns).

runemasterragnar the Firebug (OgFE)                 Turns: 3019, Time: 00:04:38

Health: -3/42      AC:  4    Str: 12    XL:     4   Next: 93%
Magic:  4/8        EV:  9    Int: 18    God:
Gold:   193        SH:  0    Dex:  9    Spells: 6/9 levels left

rFire   . . .        j - +0 flail
rCold   . . .        (no shield)
rNeg    . . .        a - +0 robe
rPois   .            (helmet restricted)
rElec   .            o - +0 cloak
rCorr   .            (gloves unavailable)
SInv    .            (boots unavailable)
Will    .....        (no amulet)
Stlth   +            (no ring)
HPRegen 0.27/turn    (no ring)
MPRegen 0.11/turn

%: no passive effects
@: no status effects
A: large, unfitting armour, tough skin 1
a: no special abilities


You were on level 4 of the Dungeon.
You visited 1 branch of the dungeon, and saw 4 of its levels.

You collected 193 gold pieces.

Inventory:

Hand Weapons
 c - a +0 dagger
 e - a +0 club
 j - a +0 flail (weapon)
Armour
 a - a +0 robe (worn)
 o - a +0 cloak (worn)
Jewellery
 q - an amulet of regeneration
Scrolls
 f - a scroll of brand weapon {unknown}
 g - 4 scrolls of identify {unknown}
 k - a scroll of teleportation {unknown}
 m - a scroll of blinking {unknown}
 p - a scroll of acquirement {unknown}
Potions
 b - a potion of magic
 d - a potion of curing {unknown}
 h - a potion of degeneration {unknown}
 i - a potion of cancellation {unknown}
 l - a potion of mutation {unknown}
 n - a potion of lignification {unknown}
 r - a potion of heal wounds {unknown}


   Skills:
 + Level 2.0 Fighting
 - Level 1.7 Dodging
 - Level 1.4 Stealth
 + Level 3.1 Spellcasting
 * Level 2.4 Conjurations
 * Level 3.6 Fire Magic


You had 6 spell levels left.
You knew the following spells:

 Your Spells              Type           Power      Damage    Failure   Level
a - Foxfire               Conj/Fire      52%        2x1d6     4%          1
b - Scorch                Fire           30%        2d6       5%          2

Your spell library contained the following spells:

 Spells                   Type           Power      Damage    Failure   Level
 Inner Flame              Hex/Fire       9%         N/A       22%         3
 Volatile Blastmotes      Fire/Tloc      18%        2d11      22%         3
 Flame Wave               Conj/Fire      13%        2d6       43%         4


Dungeon Overview and Level Annotations

Branches:
Dungeon (4/15)
 Temple: D:4-7

Altars:
Ashenzari

Annotations:
D:4 Blork the orc, Menkaure, Sigmund


Innate Abilities, Weirdness & Mutations

You are too large for most types of armour.
You have tough skin. (AC +1)


Message History

Confirm with . or Enter, or press ? or * to list all spells.
Flames lash the gnoll.
The gnoll is severely wounded.
The gnoll's fire resistance burns away.
The gnoll hits you with a +2 whip of freezing.
The gnoll freezes you.
You barely miss the gnoll.
The gnoll is severely wounded.
The gnoll is no longer more vulnerable to fire.
The gnoll closely misses you.
Casting: Scorch (safe; 5% risk of failure)
Confirm with . or Enter, or press ? or * to list all spells.
You conjure some foxfire!
The gnoll hits you with a +2 whip of freezing!
The gnoll freezes you.
Unknown command.
Unknown command.
Your foxfire dissipates!
The gnoll attacks as it pursues you!
The gnoll hits you with a +2 whip of freezing!
The gnoll freezes you.
* * * LOW HITPOINT WARNING * * *
Things that are here:
a +0 flail; an orc corpse The gnoll is no longer more vulnerable to fire.
Things that are here:
a +0 dagger; a +0 robe The gnoll attacks as it pursues you!
The gnoll hits you with a +2 whip of freezing.
* * * LOW HITPOINT WARNING * * *
The gnoll freezes you.
* * * LOW HITPOINT WARNING * * *
The gnoll attacks as it pursues you!
The gnoll hits you with a +2 whip of freezing.
* * * LOW HITPOINT WARNING * * *
The gnoll freezes you.
* * * LOW HITPOINT WARNING * * *
There is a stone staircase leading up here.
The gnoll hits you with a +2 whip of freezing!
You die...

##########
#......oo{
...#####
##.....###########
.#####....g.g.)..#
...=.'.#########g#
.#####.# #g# ..#
#@# #### ###


You could see 2 gnolls.

Vanquished Creatures
  An orc wizard (D:4)
  3 gnolls (D:2)
  An adder (D:3)
  3 worms
  A dart slug (D:3)
  2 orcs
  2 bats
  3 endoplasms
  3 giant cockroaches
  2 goblins
  6 kobolds
  6 ball pythons
  4 frilled lizards
  3 rats
40 creatures vanquished.

Vanquished Creatures (others)
  66 foxfires
66 creatures vanquished.

Grand Total: 106 creatures vanquished

Notes
Turn   | Place    | Note
-------+----------+-------------------------------------------
     0 | D:1      | runemasterragnar the Ogre Fire Elementalist began the quest
                  | for the Orb.
     0 | D:1      | Reached XP level 1. HP: 16/16 MP: 3/3
    94 | D:1      | Reached skill level 1 in Conjurations
   344 | D:1      | Reached XP level 2. HP: 26/26 MP: 2/5
   936 | D:2      | Reached skill level 1 in Fighting
  1229 | D:2      | Reached XP level 3. HP: 24/33 MP: 1/7
  1415 | D:2      | Learned a level 2 spell: Scorch
  2122 | D:3      | Reached XP level 4. HP: 41/41 MP: 6/8
  2218 | D:3      | Found a faded altar of an unknown god.
  2778 | D:4      | Noticed Sigmund
  2778 | D:4      | Noticed Menkaure
  2779 | D:4      | Noticed Blork the orc
  2924 | D:4      | Found a broken altar of Ashenzari.
  3019 | D:4      | Slain by a gnoll

Illustrated notes

Levels and vault maps discovered:
D:1:      ncdulo_smallfort, layout_basic
D:2:      mumra_celtic_spiral_tile, layout_basic
D:3:      layout_basic, dreamdust_ecumenical_altar_hidden_monk_grotto
D:4:      cheibrodos_pilgrimage, layout_basic, nicolae_elyvilon_peaceful_grove,
          mainiacjoe_overflow_surrounded_room,
          nicolae_uskayaw_murder_on_the_dancefloor,
          chequers_temple_overflow_statue_of_worship, serial_shops, shop,
          minivault_11, nicolae_concentric_dashed_squares_mild,
          uniq_blork_the_orc, uniq_sigmund, uniq_menkaure

Skill      XL: |  1  2  3  4 |
---------------+-------------+-----
Conjurations   | 1 2 |  2.4
Fighting       | 1 2 |  2.0
Fire Magic     | 3 |  3.6
Spellcasting   | 3 |  3.1
Dodging        | |  1.7
Stealth        | |  1.4

Action                     |  1- 3 |  4- 6 || total
---------------------------+-------+-------++-------
  Melee: Club              |     5 |       ||     5
         Flail             |    13 |    53 ||    66
         Punch             |       |     1 ||     1
   Cast: Foxfire           |    38 |    10 ||    48
         Scorch            |     4 |     7 ||    11
 Armour: Robe              |    15 |    58 ||    73
  Dodge: Dodged            |    13 |    29 ||    42

Table legend: (Time is in decaauts)
 A = Elapsed time spent in this place.
 B = Non-inter-level travel time spent in this place.
 C = Inter-level travel time spent in this place.
 D = Time resting spent in this place.
 E = Time spent auto-exploring this place.
 F = Levels seen in this place.
 G = Mean time per level.
                   A        B        C        D        E       F      G
               +--------+--------+--------+--------+--------+-----+--------+
         Total |   3045 |   2817 |    228 |     90 |   2218 |   4 |  761.2 |
       Dungeon |   3045 |   2817 |    228 |     90 |   2218 |   4 |  761.2 |
               +--------+--------+--------+--------+--------+-----+--------+

Top non-repeatable levels by time:
     D:2: 1085 daAuts
     D:1: 988 daAuts
     D:3: 850 daAuts
     D:4: 121 daAuts
